Map: Ascension to Aiur LE

Players

TRUE - Winner!

  • Race: Zerg Zerg
  • Spawn Location: 5:00

HeltEn

  • Race: Terran Terran
  • Spawn Location: 11:00

Event: WCS Jonkoping 2017

VOD

Have the link to the VOD?

Description

Time

  • Played on: June 17, 2017, 7:19 a.m.
  • Length: 10:24

All games in this series

Show
View Real Time Build Order
Export as new Build Order

TRUE Zerg - Winner!

Build Orders: Hatch First, Muta Ling Bane 

Get SALT Encoding   

  12  0:00  Drone  
  13  0:12  Overlord  
  13  0:16  Drone  
  14  0:30  Drone x2  
  14  0:34  Drone  
  17  0:51  Hatchery  
  17  0:54  Drone  
  17  1:08  Spawning Pool  
  17  1:09  Extractor  
  15  1:13  Drone  
  15  1:16  Drone  
  17  1:19  Drone  
  18  1:29  Drone  
  19  1:38  Overlord  
  19  1:55  Queen  
  19  2:00  Zergling x4  
  23  2:03  Queen  
  23  2:05  Zergling x2  
  26  2:09  Metabolic Boost  
  26  2:13  Drone  
  27  2:15  Drone  
  27  2:22  Drone  
  29  2:24  Drone  
  30  2:32  Drone  
  30  2:34  Queen  
  33  2:38  Drone  
  33  2:43  Overlord  
  34  2:48  Pneumatized Carapace  
  34  2:52  Drone  
  34  2:56  Drone  
  36  3:02  Drone x2  
  36  3:05  Drone x2  
  39  3:08  Drone  
  39  3:09  Drone  
  39  3:12  Drone  
  43  3:14  Drone  
  43  3:18  Overlord  
  44  3:26  Evolution Chamber  
  43  3:27  Drone  
  44  3:34  Overlord  
  44  3:36  Drone  
  44  3:37  Drone  
  44  3:38  Drone  
  44  3:39  Lair  
  47  3:43  Drone x2  
  47  3:44  Extractor  
  47  3:45  Drone  
  47  3:47  Drone  
  50  3:48  Drone  
  50  3:50  Drone  
  50  3:52  Drone  
  53  3:56  Drone  
  53  4:00  Extractor  
  53  4:02  Extractor  
  52  4:03  Drone x2  
  52  4:05  Queen  
  56  4:12  Spine Crawler  
  56  4:15  Zerg Ground Armor Level 1  
  55  4:21  Zergling x10  
  60  4:24  Overlord  
  60  4:27  Overlord  
  60  4:32  Overlord  
  60  4:34  Overlord  
  60  4:36  Overseer  
  60  4:42  Overlord  
  60  4:44  Queen  
  62  4:49  Queen  
  63  4:59  Drone  
  65  5:00  Drone x5  
  65  5:01  Drone  
  65  5:05  Drone  
  68  5:11  Zergling x2  
  66  5:14  Zergling x2  
  66  5:16  Zergling x2  
  66  5:17  Zergling x2  
  66  5:20  Zergling x2  
  70  5:24  Zergling x6  
  70  5:26  Zergling x4  
  70  5:31  Queen  
  70  5:33  Queen  
  70  5:35  Zergling x2  
  68  5:37  Zergling x2  
  63  5:43  Zergling x6  
  61  5:54  Spire  
  60  5:59  Drone x2  
  60  6:03  Drone x2  
  64  6:08  Drone x3  
  64  6:10  Drone  
  68  6:11  Zerg Melee Weapons Level 1  
  68  6:12  Drone  
  69  6:22  Hatchery  
  68  6:27  Drone x3  
  68  6:30  Drone  
  68  6:31  Drone x2  
  73  6:33  Drone  
  73  6:38  Drone  
  73  6:39  Drone  
  76  6:40  Drone x2  
  76  6:42  Drone  
  76  6:46  Overlord  
  79  6:47  Drone x2  
  79  6:51  Drone  
  82  7:06  Extractor  
  82  7:08  Mutalisk x6  
  81  7:09  Extractor  
  81  7:10  Zerg Flyer Weapons Level 1  
  81  7:15  Baneling Nest  
  91  7:22  Mutalisk x2  
  91  7:25  Mutalisk x2  
  91  7:28  Mutalisk  
  101  7:30  Mutalisk  
  101  7:34  Zergling x2  
  101  7:36  Zergling x4  
  106  7:38  Zergling x2  
  106  7:40  Zergling x2  
  106  7:41  Zergling x2  
  106  7:42  Overseer  
  108  7:44  Mutalisk  
  108  7:47  Overlord  
  108  7:49  Zergling x4  
  108  7:51  Zergling x2  
  113  7:56  Overlord  
  113  7:57  Centrifical Hooks  
  113  7:59  Overlord  
  113  8:08  Mutalisk x3  
  113  8:09  Mutalisk  
  121  8:18  Mutalisk x2  
  121  8:24  Drone  
  121  8:26  Zergling x12  
  128  8:33  Hatchery  
  127  8:39  Baneling x6  
  127  8:40  Zergling x8  
  131  8:42  Zergling x2  
  131  8:43  Zergling x2  
  131  8:44  Zergling x2  
  131  8:45  Zergling x2  
  131  8:46  Zergling x2  
  131  8:47  Baneling x3  
  136  8:49  Zergling x2  
  136  8:53  Overlord  
  137  8:57  Overlord  
  137  8:59  Overlord  
  137  9:01  Baneling x6  
  137  9:02  Overlord  
  137  9:08  Baneling x8  
  137  9:09  Baneling x2  
  137  9:16  Zergling x2  
  138  9:17  Zergling x14  
  138  9:20  Zergling x4  
  138  9:22  Zergling x4  
  149  9:28  Zergling x2  
  147  9:31  Mutalisk x2  
  147  9:32  Mutalisk x2  
  155  9:39  Zergling x2  
  155  9:40  Zergling x2  
  155  9:42  Zergling x2  
  158  9:46  Drone  
  158  9:48  Zergling x2  
  162  9:58  Overlord x3  
  162  10:00  Drone x2  
  162  10:02  Baneling x9  
  162  10:03  Baneling x2  
  162  10:06  Zergling x2  
Show
View Real Time Build Order
Export as new Build Order

HeltEn Terran 

Build Orders: Reaper Expand, Hellion Banshee, MMM Bio 

Get SALT Encoding   

  12  0:00  SCV  
  13  0:12  SCV  
  14  0:17  Supply Depot  
  14  0:25  SCV  
  15  0:30  Refinery  
  15  0:39  SCV  
  16  0:44  Barracks  
  16  0:51  SCV  
  17  1:03  SCV  
  18  1:15  SCV  
  19  1:31  Orbital Command, Reaper  
  20  1:43  Command Center  
  20  1:54  Factory  
  20  1:57  SCV  
  21  2:03  Refinery  
  21  2:08  Barracks Reactor  
  21  2:10  SCV  
  21  2:14  Supply Depot  
  22  2:22  SCV  
  23  2:36  SCV  
  24  2:38  Starport  
  24  2:49  Hellion x2  
  28  2:52  SCV, Barracks Tech Lab  
  28  2:58  Orbital Command  
  29  3:04  SCV  
  30  3:11  Hellion  
  30  3:12  Hellion  
  34  3:21  Cloaking Field  
  34  3:24  Banshee  
  34  3:26  SCV  
  38  3:29  SCV  
  39  3:38  Supply Depot  
  39  3:39  SCV  
  41  3:41  SCV  
  41  3:43  Hellion  
  41  3:44  Marine  
  44  3:57  Hellion  
  44  3:58  SCV  
  44  4:00  SCV  
  44  4:02  Supply Depot  
  47  4:06  Barracks Tech Lab  
  47  4:07  Supply Depot  
  47  4:08  Banshee  
  50  4:18  Hellion, Armory  
  50  4:19  SCV  
  50  4:24  Hellion  
  55  4:39  Command Center  
  55  4:49  SCV x2  
  57  4:55  Hellion x2  
  61  5:05  Marine  
  61  5:11  SCV x2  
  58  5:23  Marine  
  52  5:31  Stimpack  
  50  5:38  Starport Reactor  
  50  5:41  Marine  
  49  5:43  Barracks  
  49  5:44  SCV x2  
  49  5:47  Barracks  
  44  5:53  Factory Reactor  
  44  5:55  Orbital Command  
  44  5:56  SCV  
  41  5:57  Supply Depot  
  41  5:59  Marauder  
  41  6:02  SCV  
  44  6:07  Engineering Bay  
  44  6:09  SCV  
  44  6:10  Engineering Bay  
  45  6:14  SCV  
  46  6:21  Barracks x2, Starport Reactor  
  46  6:22  Marine  
  48  6:33  SCV x2  
  48  6:34  Terran Infantry Armor Level 1  
  48  6:36  Marine x2  
  51  6:47  SCV x2  
  51  6:50  Marine x3  
  51  6:51  Factory Reactor  
  51  6:53  SCV  
  57  6:58  Refinery x2, Terran Infantry Weapons Level 1  
  57  7:00  Marine x2  
  59  7:02  Orbital Command  
  59  7:03  SCV x2  
  61  7:13  Supply Depot  
  61  7:14  Bunker, Marine  
  61  7:15  Marine x3  
  65  7:16  Marauder  
  65  7:17  Barracks Tech Lab  
  67  7:24  Medivac  
  67  7:25  Medivac  
  67  7:26  Marine x2  
  67  7:27  SCV  
  67  7:28  SCV x2  
  76  7:37  Marauder  
  76  7:40  SCV x3  
  76  7:41  Marine x3  
  76  7:42  Marine  
  76  7:43  Widow Mine x2  
  76  7:44  Marine  
  91  7:45  Combat Shields  
  91  7:46  Marine  
  91  7:48  Marauder, Factory  
  93  7:52  SCV x2  
  93  7:54  Missile Turret  
  93  7:57  Missile Turret  
  95  7:59  Marauder  
  95  8:00  Missile Turret  
  95  8:01  SCV  
  95  8:04  SCV  
  99  8:09  Marauder, Marine x2  
  100  8:14  Hellion  
  98  8:20  SCV x2  
  98  8:21  Marine  
  98  8:26  Supply Depot  
  101  8:27  Supply Depot  
  101  8:30  Marine x3  
  104  8:35  Marauder, Marine x3  
  109  8:47  SCV x3, Widow Mine  
  114  8:50  Supply Depot  
  114  8:52  Supply Depot  
  114  8:54  Marine x2  
  118  9:00  Marine x2  
  120  9:08  Marine  
  121  9:13  SCV x3  
  121  9:19  Factory Reactor  
  121  9:21  Marine, Concussive Shells  
  121  9:22  Marauder  
  121  9:23  Barracks Reactor, Barracks Tech Lab  
  120  9:24  Missile Turret  
  120  9:25  SCV x2  
  120  9:27  SCV  
  108  9:32  Marine  
  108  9:33  Marauder  
  108  9:37  SCV  
  112  9:39  Marine  
  112  9:40  SCV x2  
  112  9:44  Marauder  
  117  9:49  SCV  
  119  9:55  SCV x2  
  119  9:59  Supply Depot  
  121  10:01  SCV  
  121  10:05  Marine  
  121  10:06  Marine  
Tags
 
Add a new tag
Caveats
  • Supply blocks, unpowered buildings, or Contaminate may cause inaccurate times.
  • Supply counts are checked every 10 seconds.